 Dungeon Crawl Stone Soup version 0.23.1 (webtiles) character file.

Game seed: 0

233 ohad the Changer (level 6, -2/38 HPs)
             Began as an Octopode Transmuter on Mar 10, 2019.
             Was an Initiate of Gozag.
             Slain by a bullfrog (6 damage)
             ... in a sewer on Mar 11, 2019.
             The game lasted 00:10:40 (3800 turns).

ohad the Changer (Octopode Transmuter)              Turns: 3800, Time: 00:10:41

Health: -2/38      AC:  2    Str:  9    XL:     6   Next: 5%
Magic:  4/11       EV: 19    Int: 18    God:    Gozag
Gold:   560        SH:  0    Dex: 17    Spells: 2/12 levels left

rFire    . . .     SeeInvis .     - Unarmed
rCold    . . .     Gourm    .   (shield currently unavailable)
rNeg     . . .     Faith    .   (helmet currently unavailable)
rPois    x         Spirit   .   (no amulet)
rElec    .         Reflect  .   j - ring of stealth
rCorr    .         Harm     .   (no ring)
MR       .....                  (no ring)
Stlth    ++++......             (no ring)
HPRegen  0.12/turn              (no ring)
MPRegen  0.12/turn              (no ring)
                                (no ring)
                                (no ring)

@: spider-form, very slow
A: tiny, almost no armour, stealthy swim, (amphibious), 8 rings, (constrict 8)
a: End Transformation, Potion Petition, Call Merchant, Bribe Branch, Renounce
Religion


You were in a sewer.
You worshipped Gozag.
Gozag was pleased with you.
You were not hungry.
You were a venomous arachnid creature.
You visited 1 branch of the dungeon, and saw 3 of its levels.
You also visited: Sewer.

You collected 587 gold pieces.
You paid 27 gold pieces to Gozag.

Inventory:

Missiles
 a - 9 arrows
 e - 10 poisoned needles
Jewellery
 g - an uncursed ring of poison resistance {unknown}
 j - a ring of stealth (left front leg)
Scrolls
 f - a scroll of teleportation
 h - a scroll of enchant armour
Potions
 b - 3 potions of berserk rage
 d - a potion of might
 i - a potion of cancellation {unknown}
 m - a potion of ambrosia {unknown}
 o - a potion of lignification
Comestibles
 c - 2 rations


   Skills:
 - Level 1.0 Fighting
 - Level 2.0 Dodging
 - Level 3.0 Unarmed Combat
 - Level 3.5 Spellcasting
 - Level 4.0 Transmutations
 + Level 2.9 Ice Magic


You had 2 spell levels left.
You knew the following spells:

 Your Spells              Type           Power        Failure   Level  Hunger
a - Beastly Appendage     Tmut           ###...       11%         1    None
b - Sticks to Snakes      Tmut           ###.....     14%         2    ##.....
c - Spider Form           Tmut/Pois      ##........   41%         3    ###....
d - Ice Form              Ice/Tmut       ###.....     58%         4    ####...

Your spell library contained the following spells:

 Spells                   Type           Power        Failure   Level  Hunger
 Blade Hands              Tmut           ###.......   82%         5    ######.


Dungeon Overview and Level Annotations

Branches:
Dungeon (3/15)

Altars:
Gozag
Kikubaaqudgha

Annotations:
D:3 Ijyb, Jessica


Innate Abilities, Weirdness & Mutations

You cannot wear most types of armour.
You are very stealthy in the water. (Stealth+)
((You are amphibious.))
You can wear up to eight rings at the same time.
((You can use your tentacles to constrict eight enemies at once.))
((Your skin changes colour to match your surroundings (Stealth+).))
((Your rubbery body absorbs attacks. (AC +1, EV +1)))


Message History

Unknown command.
Casting: Sticks to Snakes (safe; 14% risk of failure)
Confirm with . or Enter, or press ? or * to list all spells.
You create a snake!
You now have 9 arrows.
The bullfrog hits you.
* * * LOW HITPOINT WARNING * * *
The leopard gecko closely misses you. The bullfrog hits you.
* * * LOW HITPOINT WARNING * * *
Your adder bites the bullfrog.
The bullfrog is poisoned.
Your adder poisons the bullfrog!
The bullfrog barely misses you.
Unknown command.
You enter the shallow water.
Moving in this stuff is going to be slow.
The bullfrog barely misses you.
Your adder closely misses the bullfrog.
The bullfrog barely misses you.
Your ball python misses the leopard gecko.
Your ball python grabs the leopard gecko.
Your ball python constricts the leopard gecko.
The bullfrog hits you.
You die...
Your body crumbles into a pile of gold.

##≈≈.##≈≈≈##≈≈≈.....≈≈≈##≈.≈##≈≈≈
#.≈≈≈#≈.≈≈#≈≈..$.?.≈≈≈≈ #≈≈.≈#≈.≈
#∩.≈.#≈≈≈≈#.≈..?).≈≈≈≈≈ #≈.≈≈#≈≈≈
#.≈.≈#≈≈≈≈#.≈.s.≈≈≈≈≈≈≈ #≈.≈≈#≈≈.
##≈≈≈##≈≈.#≈≈≈.≈≈≈.≈.≈≈##.≈≈##≈≈≈
#≈≈≈≈#≈≈≈#≈...F≈≈.≈≈≈##≈≈.≈#≈≈.≈
##≈≈≈##≈.##≈≈#≈.≈≈≈###≈≈.≈##.≈.#
#≈≈≈.##≈≈#J≈#######≈≈≈≈≈##≈≈≈≈#
##≈≈≈.#≈≈##slFs.≈≈.≈..###≈≈≈.##
##≈≈..≈≈≈#SSFS.≈≈.####≈≈≈≈.##
####...#######≈∩≈#≈≈≈≈≈≈≈##
##≈≈#≈≈≈≈≈#####≈≈≈≈#####
####≈≈≈≈≈≈..≈≈≈####.≈∩#
#≈≈≈#########≈...≈##
#≈≈.≈.≈≈≈≈≈≈..∩.###
#≈≈≈≈.≈≈.≈≈.##### #############


You could see 2 bullfrogs, an ooze, a leopard gecko, a giant cockroach, a ball
python, a friendly adder and a friendly ball python.

Vanquished Creatures
  A worker ant zombie (D:3)
  6 adders
  A howler monkey skeleton (D:3)
  9 oozes
  A dart slug (D:2)
  9 leopard geckos
  12 ball pythons
  7 bats
  23 giant cockroaches
  3 goblins
  3 hobgoblins
  9 kobolds
  2 quokkas (D:2)
  A ball python zombie (D:3)
  12 frilled lizards
  A jackal skeleton (D:3)
  A leopard gecko zombie (D:3)
  6 rats
107 creatures vanquished.

Vanquished Creatures (collateral kills)
  An ooze (Sewer)
  A frilled lizard (Sewer)
2 creatures vanquished.

Grand Total: 109 creatures vanquished

Notes
Turn   | Place    | Note
-------+----------+-------------------------------------------
     0 | D:1      | ohad the Octopode Transmuter began the quest for the Orb.
     0 | D:1      | Reached XP level 1. HP: 13/13 MP: 3/3
   127 | D:1      | Reached XP level 2. HP: 7/18 MP: 3/5
   314 | D:1      | Learned a level 2 spell: Sticks to Snakes
   413 | D:1      | Reached skill level 3 in Transmutations
   952 | D:2      | Reached XP level 3. HP: 13/23 MP: 4/6
   957 | D:2      | Learned a level 3 spell: Spider Form
  1087 | D:2      | Found an ancient bone altar of Kikubaaqudgha.
  1140 | D:2      | Found an opulent altar of Gozag.
  1717 | D:2      | Reached skill level 4 in Transmutations
  1961 | D:2      | Became a worshipper of Gozag Ym Sagoz the Greedy
  1989 | D:3      | Noticed Ijyb
  1990 | D:3      | Noticed Jessica
  1997 | D:2      | Reached XP level 4. HP: 28/28 MP: 7/7
  2433 | D:3      | Found a glowing drain.
  2479 | Sewer    | Entered a sewer
  2540 | Sewer    | Reached XP level 5. HP: 24/33 MP: 8/10
  2804 | Sewer    | Learned a level 4 spell: Ice Form
  2922 | Sewer    | Reached skill level 1 in Ice Magic
  3620 | Sewer    | Reached XP level 6. HP: 37/38 MP: 11/11
  3800 | Sewer    | Slain by a bullfrog

Skill      XL: |  1  2  3  4  5 |
---------------+----------------+-----
Transmutations | 3 4 |  4.0
Spellcasting   | 3 |  3.5
Ice Magic      | 2 |  2.9
Fighting       | |  1.0
Dodging        | |  2.0
Unarmed Combat | |  3.0

Action                   |  1- 3 |  4- 6 || total
-------------------------+-------+-------++-------
Melee: Unarmed           |    99 |   182 ||   281
       Constrict         |    26 |    37 ||    63
       Tentacles         |     8 |    20 ||    28
       Kick              |     8 |    19 ||    27
       Punch             |       |     3 ||     3
 Cast: Beastly Appendage |     9 |     5 ||    14
       Spider Form       |       |     7 ||     7
       Sticks to Snakes  |       |     3 ||     3
  Use: Potion            |     2 |       ||     2
       Scroll            |       |     6 ||     6
 Stab: Sleeping          |     4 |    10 ||    14
  Eat: Chunk             |     4 |       ||     4
       Ration            |       |     2 ||     2
Armor: Skin              |    16 |    21 ||    37
Dodge: Dodged            |    79 |   174 ||   253
